 Dungeon Crawl Stone Soup version 0.28-a0-422-gd71735cc25 (webtiles) character file.

Game seed: 12877761936756360675

11508 mhtbhm the Cleaver (level 11, 0/95 HPs)
             Began as a Minotaur Fighter on Sept 9, 2021.
             Was a Priest of Qazlal.
             Shot with an arrow by a centaur (10 damage)
             ... on level 11 of the Dungeon.
             The game lasted 00:16:09 (11438 turns).

mhtbhm the Cleaver (Minotaur Fighter)              Turns: 11438, Time: 00:16:10

Health: 0/95       AC: 12    Str: 25    XL:     11   Next: 50%
Magic:  5/10       EV: 12    Int:  5    God:    Qazlal [***...]
Gold:   528        SH: 16    Dex: 15    Spells: 10/10 levels left

rFire   . . .      SeeInvis .   a - +4 hand axe
rCold   . . .      Faith    +   c - +0 kite shield
rNeg    . . .      Spirit   .   b - +0 scale mail
rPois   .          Reflect  .   i - +1 hat
rElec   .          Harm     .   l - +0 cloak
rCorr   .          Rampage  .   (no gloves)
Will    .....                   J - +0 pair of boots
Stlth   ..........              w - amulet of faith
HPRegen 0.25/turn               f - +6 ring of dexterity
MPRegen 0.12/turn               (no ring)

@: no status effects
A: horns 2, retaliatory headbutt
a: Renounce Religion, Upheaval, Elemental Force


You were on level 11 of the Dungeon.
You worshipped Qazlal.
Qazlal was most pleased with you.
You visited 2 branches of the dungeon, and saw 12 of its levels.

You collected 528 gold pieces.

Inventory:

Hand Weapons
 a - a +4 hand axe (weapon)
Missiles
 D - 6 throwing nets (quivered)
 E - 3 silver boomerangs
Armour
 b - a +0 scale mail (worn)
 c - a +0 kite shield (worn)
 i - a +1 hat (worn)
 l - a +0 cloak (worn)
 J - a +0 pair of boots (worn)
Jewellery
 f - a +6 ring of dexterity (left hand)
 w - an amulet of faith (around neck)
Wands
 e - a wand of acid (14)
 B - a wand of charming (6)
 C - a wand of flame (24)
Scrolls
 g - a scroll of brand weapon
 n - a scroll of enchant weapon
 o - 2 scrolls of enchant armour
 p - a scroll of immolation
 r - 2 scrolls of summoning
 s - 3 scrolls of amnesia
 u - a scroll of torment
 v - a scroll of teleportation
 x - a scroll of vulnerability {unknown}
 y - 2 scrolls of noise {unknown}
 I - a scroll of fear {unknown}
Potions
 d - 2 potions of might
 h - 4 potions of flight
 j - 2 potions of curing
 k - a potion of invisibility
 m - 2 potions of magic
 q - a potion of ambrosia
 t - 2 potions of lignification
 z - a potion of mutation
 A - a potion of attraction {unknown}
 F - 2 potions of haste {unknown}
 G - a potion of brilliance {unknown}


   Skills:
 + Level 8.7 Fighting
 + Level 12.9 Axes
 + Level 10.8 Armour
 + Level 5.2 Dodging
 + Level 10.7 Shields
 + Level 0.7 Invocations
 + Level 1.9 Evocations


You had 10 spell levels left.
You didn't know any spells.
Your spell library contained the following spells:

 Spells                   Type           Power      Damage    Failure   Level
 Animate Skeleton         Necr           0%         N/A       88%         1
 Pain                     Necr           0%         1d4       88%         1
 Blink                    Tloc           N/A        N/A       95%         2
 Scorch                   Fire           0%         2d5       95%         2
 Sublimation of Blood     Necr           0%         N/A       95%         2
 Wereblood                Tmut           0%         N/A       95%         2
 Lesser Beckoning         Tloc           0%         N/A       99%         3
 Vampiric Draining        Necr           0%         2d6       99%         3
 Flame Wave               Conj/Fire      0%         3d3       100%        4
 Manifold Assault         Tloc           0%         N/A       100%        5
 Summon Cactus Giant      Summ           0%         N/A       100%        6
 Storm Form               Tmut/Air       0%         N/A       100%        7
 Summon Hydra             Summ           0%         N/A       100%        7


Dungeon Overview and Level Annotations

Branches:
Dungeon (11/15)            Temple (1/1) D:4
   Lair: D:8-11         Orc: D:9-12

Altars:
Ashenzari
Cheibriados
Dithmenos
Elyvilon
Fedhas
Gozag
Hepliaklqana
Kikubaaqudgha
Makhleb
Nemelex Xobeh
Okawaru
Qazlal
Ru
Sif Muna
Trog
Uskayaw
Vehumet
Wu Jian
Xom
Yredelemnul
Zin
The Shining One


Innate Abilities, Weirdness & Mutations

You have a pair of horns on your head.
You reflexively headbutt those who attack you in melee.


Message History

You block the centaur's attack. x2
Unknown command.
As you read the scroll of teleportation, it crumbles to dust.
You feel strangely unstable. You block the centaur's attack. x2
The centaur hits you but does no damage.
The centaur barely misses you.
Unknown command.
Your shield and scale mail prevent you from hitting the centaur.
You headbutt the centaur.
You kill the centaur!
Qazlal accepts your kill. The centaur closely misses you.
You block the centaur's attack.
Unknown command.
You hit the centaur.
The centaur is severely wounded.
You block the centaur's attack.
The centaur kicks you but does no damage.
Unknown command.
You hit the centaur.
You kill the centaur!
Qazlal accepts your kill. The bullfrog hits you.
* * * LOW HITPOINT WARNING * * *
Unknown command.
You miss the bullfrog.
Your surroundings suddenly seem different. 4 zombies come into view.
Found the ring "Raalazot" {Wiz rF+} and 17 gold pieces.
You hear a croak.
You hear a shout!
An orc zombie comes into view.
Press: ? - help, v - describe, . - travel
Here: an orc zombie The floor.
An orc priest comes into view. It is wielding a +0 flail.
You hear a croak.
The centaur wields a +0 shortbow.
The centaur shoots an arrow.
The arrow hits you!
* * * LOW HITPOINT WARNING * * *
The centaur shoots an arrow.
The arrow hits you!
You die...

....... ....... #...#
...P...cl...........#.###
#...P...............#.#
#...................#.#
#...P........
......#.####.
#...P......# #...........
...........# #
#.###..#####
....P.Z....#.# #..#
..$....Z..@..# #.<#
...Z....###..# #.##
.....Z..# ..# #.
........# .... #.
.#.Z##### ..... #. ##.
....o.# #. . ....... .. .
....... ..


You could see a komodo dragon, a centaur, an orc priest, a hobgoblin zombie and
3 orc zombies.

Vanquished Creatures
  Harold (D:7)
  2 two-headed ogres (D:10)
  An ugly thing (D:11)
  Pikel (D:4)
  A gargoyle (D:11)
  Maggie (D:6)
  A kobold demonologist (D:11)
  A troll (D:9)
  2 meliai (D:11)
  A vampire (D:10)
  A wraith (D:11)
  13 yaks
  5 steam dragons
  An acid dragon (D:9)
  A water moccasin (D:6)
  3 orc warriors
  An ice beast (D:7)
  A hornet zombie (D:6)
  An ogre (D:5)
  7 centaurs
  2 phantoms
  3 kobold brigands
  A gnoll sergeant (D:9)
  3 bullfrogs (D:11)
  2 scorpions
  A wyvern zombie (D:6)
  A water moccasin skeleton (D:6)
  8 killer bees (D:9)
  15 wights
  2 howler monkeys (D:11)
  3 bullfrog zombies (D:6)
  A human zombie (D:6)
  6 centaur zombies
  3 gnoll shamans
  An orc priest (D:7)
  A hound (D:4)
  2 iguanas
  4 orc wizards
  2 killer bee zombies
  2 hound skeletons
  2 howler monkey zombies
  3 mummies (D:6)
  15 gnolls
  3 ufetubi
  3 dart slugs
  11 orcs
  6 ball pythons
  4 bats (D:1)
  9 endoplasms
  6 giant cockroaches
  8 goblins
  8 hobgoblins
  8 jackals
  2 quokkas
  5 frilled lizards
  A goblin zombie (D:11)
  19 kobolds
  An orc skeleton (D:11)
  5 rats
228 creatures vanquished.

Vanquished Creatures (others)
  10 fungi (D:11)
  11 plants (D:11)
21 creatures vanquished.

Grand Total: 249 creatures vanquished

Notes
Turn   | Place    | Note
-------+----------+-------------------------------------------
     0 | D:1      | mhtbhm the Minotaur Fighter began the quest for the Orb.
     0 | D:1      | Reached XP level 1. HP: 19/19 MP: 0/0
   128 | D:1      | Reached XP level 2. HP: 24/27 MP: 1/1
   267 | D:1      | Reached XP level 3. HP: 33/33 MP: 2/2
   284 | D:1      | Reached skill level 3 in Axes
   993 | D:2      | Reached XP level 4. HP: 34/40 MP: 3/3
  1768 | D:3      | Reached skill level 4 in Axes
  2185 | D:4      | Noticed a phantom
  2193 | D:4      | Killed a phantom
  2194 | D:4      | Reached XP level 5. HP: 34/47 MP: 4/4
  2368 | D:4      | Reached skill level 5 in Axes
  2368 | D:4      | Reached skill level 5 in Armour
  2625 | D:4      | Noticed a lemure
  2625 | D:4      | Noticed Pikel
  2627 | D:4      | Found a staircase to the Ecumenical Temple.
  2627 | D:4      | Noticed a lemure
  2627 | D:4      | Noticed a lemure
  2627 | D:4      | Noticed a lemure
  2638 | D:4      | HP: 1/47 [Pikel (2)]
  2639 | D:4      | Killed Pikel
  2640 | D:4      | Reached skill level 6 in Axes
  2640 | D:4      | Reached skill level 1 in Dodging
  2640 | D:4      | Reached skill level 5 in Shields
  2640 | D:4      | Reached XP level 6. HP: 2/55 MP: 5/5
  2640 | D:4      | Reached XP level 7. HP: 2/60 MP: 6/6
  3377 | D:4      | Reached skill level 5 in Fighting
  3517 | Temple   | Entered the Ecumenical Temple
  3690 | Temple   | Became a worshipper of Qazlal Stormbringer
  3750 | D:5      | Entered Level 5 of the Dungeon
  4783 | D:6      | Reached skill level 7 in Axes
  4828 | D:6      | Reached XP level 8. HP: 24/68 MP: 7/7
  5317 | D:6      | Found a sacrificial altar of Ru.
  5629 | D:6      | Noticed Maggie
  5635 | D:6      | Killed Maggie
  5636 | D:6      | Reached skill level 8 in Axes
  6099 | D:6      | Found an ancient bone altar of Kikubaaqudgha.
  6213 | D:6      | Reached skill level 9 in Axes
  6463 | D:6      | Reached * piety under Qazlal
  6469 | D:6      | Reached XP level 9. HP: 56/75 MP: 8/8
  7418 | D:7      | Found a large runed translucent door.
  7422 | D:7      | Found a large runed translucent door.
  7497 | D:7      | Reached skill level 10 in Axes
  7497 | D:7      | Noticed Harold
  7516 | D:7      | Killed Harold
  7517 | D:7      | Reached skill level 1 in Evocations
  7903 | D:7      | Reached XP level 10. HP: 85/86 MP: 9/9
  7909 | D:7      | Found a basalt altar of Yredelemnul.
  7916 | D:7      | Found an iron altar of Okawaru.
  8320 | D:8      | You fall into a shaft and drop 3 floors!
  8334 | D:10     | Entered Level 10 of the Dungeon
  8518 | D:10     | Noticed a two-headed ogre
  8529 | D:10     | Killed a two-headed ogre
  8530 | D:10     | Reached skill level 11 in Axes
  8838 | D:10     | Reached ** piety under Qazlal
  9001 | D:10     | Reached skill level 10 in Armour
  9254 | D:9      | Reached skill level 12 in Axes
  9584 | D:9      | Reached *** piety under Qazlal
  9934 | D:9      | Reached XP level 11. HP: 92/94 MP: 10/10
 10579 | D:9      | Found an opulent altar of Gozag.
 10579 | D:9      | Found a glowing silver altar of Zin.
 10962 | D:10     | Noticed a two-headed ogre
 10967 | D:10     | Killed a two-headed ogre
 11113 | D:10     | Reached skill level 10 in Shields
 11396 | D:11     | Reached skill level 5 in Dodging
 11406 | D:11     | Noticed a green ugly thing
 11424 | D:11     | Killed a green ugly thing
 11435 | D:11     | Identified the ring "Raalazot" {Wiz rF+}
 11438 | D:11     | Shot with an arrow by a centaur

Illustrated notes

Levels and vault maps discovered:
D:1:      saegor_arrival_simple_e, layout_rooms, ebering_dispersal_statue_hall
D:2:      wander_river, layout_basic
D:3:      layout_basic
D:4:      layout_cave_pods, temple_fountains, uniq_pikel
D:5:      layout_layer_cave
D:6:      layout_loops_corners, lemuel_mausoleum_altar_kikubaaqudgha,
          nicolae_ru_sacrificial_ziggurat, uniq_maggie
D:7:      layout_rooms, jmf_multi_god_temple2, nicolae_underground_beach,
          uniq_harold
D:8:      layout_loops_corners, serial_shops, nicolae_shop_crystal,
          kennysheep_just_a_vault
D:9:      layout_cave_pools, grunt_temple_overflow_gold_and_silver
D:10:     layout_gridville
D:11:     layout_basic, grunt_lair_entry_orc_guard_hut, zombieorc2_lemuel
Temple:   lightli_temple_of_artemis

Skill      XL: |  1  2  3  4  5  6  7  8  9 10 11 |
---------------+----------------------------------+-----
Armour         | 4 6 7 8 9 10 | 10.8
Fighting       | 4 5 6 7 8 |  8.7
Shields        | 4 5 6 7 9 10 | 10.7
Axes           | 3 4 6 7 9 10 12 | 12.9
Dodging        | 1 2 3 4 5 |  5.2
Evocations     | 1 |  1.9
Invocations    | |  0.7

Action                   |  1- 3 |  4- 6 |  7- 9 | 10-12 || total
-------------------------+-------+-------+-------+-------++-------
Melee: War axe           |    64 |    66 |   197 |   145 ||   472
       Headbutt          |    15 |    14 |    52 |    62 ||   143
       Hand axe          |       |       |       |    62 ||    62
Invok: Upheaval          |       |       |       |     3 ||     3
Evoke: Wand              |       |       |     6 |    13 ||    19
  Use: Potion            |       |     1 |     1 |     6 ||     8
       Scroll            |       |       |     9 |    10 ||    19
Armor: Scale mail        |    21 |    32 |    64 |    87 ||   204
       Skin              |       |       |       |    20 ||    20
Dodge: Dodged            |    24 |    19 |    73 |   107 ||   223
Block: Buckler           |    12 |     6 |       |       ||    18
       Kite shield       |       |    25 |    97 |   228 ||   350

Table legend: (Time is in decaauts)
 A = Elapsed time spent in this place.
 B = Non-inter-level travel time spent in this place.
 C = Inter-level travel time spent in this place.
 D = Time resting spent in this place.
 E = Time spent auto-exploring this place.
 F = Levels seen in this place.
 G = Mean time per level.
                   A        B        C        D        E       F      G
               +--------+--------+--------+--------+--------+-----+--------+
         Total |  11558 |  11487 |     71 |   2898 |   6524 |  12 |  963.2 |
       Dungeon |  11360 |  11289 |     71 |   2898 |   6462 |  11 | 1032.7 |
        Temple |    197 |    197 |      0 |      0 |     62 |   1 |  197.0 |
               +--------+--------+--------+--------+--------+-----+--------+

Top non-repeatable levels by time:
     D:6: 2557 daAuts
     D:9: 1558 daAuts
    D:10: 1493 daAuts
     D:4: 1431 daAuts
     D:5: 1032 daAuts
     D:2: 959 daAuts
     D:7: 690 daAuts
     D:3: 671 daAuts
     D:1: 563 daAuts
     D:8: 336 daAuts
  Temple: 197 daAuts
    D:11: 65 daAuts
